 Dungeon Crawl Stone Soup version 0.19-a0-1932-g59670f6 (webtiles) character file.

119 Lochraine the Conjurer (level 4, 0/24 HPs)
             Began as a Deep Elf Conjurer on Oct 25, 2016.
             Killed from afar by an orc wizard (7 damage)
             ... with a magic dart
             ... on level 3 of the Dungeon.
             The game lasted 00:05:58 (2817 turns).

Lochraine the Conjurer (Deep Elf Conjurer)          Turns: 2817, Time: 00:05:59

Health: 0/24       AC:  2    Str:  6    XL:     4   Next: 74%
Magic:  0/11       EV: 13    Int: 20    God:
Gold:   85         SH:  2    Dex: 15    Spells: 3 memorised, 3 levels left

rFire  . . .     SeeInvis .     i - -3 mace (curse)
rCold  . . .     Gourm    .     a - +0 robe
rNeg   . . .     Faith    .     (no shield)
rPois  .         Spirit   .     (no helmet)
rElec  .         Reflect  +     (no cloak)
rCorr  +         Harm     .     (no gloves)
MR     .....                    (no boots)
Stlth  ++........               u - +2 amulet of reflection
                                r - ring of resist corrosion
                                m - +4 ring of slaying

@: slowed, very slow
A: no striking features
a: no special abilities


You were on level 3 of the Dungeon.
You were very hungry.

You visited 1 branch of the dungeon, and saw 3 of its levels.

You collected 85 gold pieces.

Inventory:

Hand Weapons
 i - a cursed -3 mace (weapon)
 n - a +2 mace of protection
Missiles
 d - 77 stones (quivered)
Armour
 a - a +0 robe (worn)
Jewellery
 m - a +4 ring of slaying (left hand)
 r - a ring of resist corrosion (right hand)
 u - a +2 amulet of reflection (around neck)
Scrolls
 g - a scroll of identify
 k - a scroll of enchant armour {unknown}
 s - a scroll of fog {unknown}
Potions
 e - 2 potions of might
 f - a potion of cure mutation {unknown}
 h - a potion of heal wounds
 j - a potion of resistance {unknown}
 l - a potion of cancellation {unknown}
 o - a potion of agility {unknown}
 t - 2 potions of mutation {unknown}
 v - a potion of degeneration {unknown}
Books
 b - a book of Conjurations

   Spells                             Type                      Level
   a - Magic Dart                     Conjuration                  1
   b - Searing Ray                    Conjuration                  2
   c - Dazzling Spray                 Conjuration/Hexes            3
   d - Fulminant Prism                Conjuration/Hexes            4
   e - Iskenderun's Mystic Blast      Conjuration                  4
   f - Iskenderun's Battlesphere      Conjuration/Charms           5
Comestibles
 c - 3 bread rations
 q - a meat ration


   Skills:
 + Level 0.4 Maces & Flails
 + Level 2.9 Dodging
 - Level 2.4 Stealth
 + Level 3.6 Spellcasting
 * Level 6.2 Conjurations


You had 3 spell levels left.
You knew the following spells:

 Your Spells              Type           Power        Failure   Level  Hunger
a - Magic Dart            Conj           ####         1%          1    None
b - Searing Ray           Conj           ####..       1%          2    ##.....
c - Iskenderun's Mystic   Conj           ####....     12%         4    ####...


Dungeon Overview and Level Annotations

Branches:
Dungeon (3/15)

Altars:
Ru
Xom

Annotations:
D:3 2 exclusions, Sigmund


Message History

You closely miss the orc wizard.
The orc wizard is heavily wounded.
The orc wizard gestures at you while chanting.
The magic dart hits you!
The orc wizard gestures wildly while chanting.
The orc wizard hits you with a dagger.
Casting: Magic Dart
Confirm with . or Enter, or press ? or * to list all spells.
Aiming: Searing Ray
Press: ? - help, Shift-Dir - straight line, p - orc wizard The searing ray hits the orc wizard.
The orc wizard is almost dead.
The orc wizard gestures at you while chanting.
You feel as though you will be slow longer.
The orc wizard hits you with a dagger.
* * * LOW HITPOINT WARNING * * *
Without enough magic to sustain it, your searing ray dissipates.
The orc wizard gestures at you while chanting.
The magic dart hits you!
You die...

#...#.## #.##..# #........##
#...)..# #.###.######.##..####
#......# #.##..).........##
#......####.#...###....####
####..........#.###.#### #
....#....##.###.##..############
.....#...###.##[.).).............
.....#...# #.....#.##############
.....#.#.# #####@..# # .......#..
##o.## # ..#.##.## ##...# ####
...#. ..###....# ###... ..
#.##..##..# ###...## #
#.##.####.# ###...#### . #.
#.##.# ..####...####..
o#####.###....##................#
.....#..................#########


You could see an orc wizard.

Vanquished Creatures
  An orc priest (D:3)
  4 adders (D:2)
  An ooze (D:2)
  A leopard gecko (D:1)
  An orc (D:3)
  5 bats
  5 giant cockroaches
  5 goblins
  5 hobgoblins
  2 ball pythons (D:1)
  3 frilled lizards
  10 kobolds
  4 rats
47 creatures vanquished.

Notes
Turn   | Place    | Note
-------+----------+-------------------------------------------
     0 | D:1      | Lochraine the Deep Elf Conjurer began the quest for the Orb.
     0 | D:1      | Reached XP level 1. HP: 10/10 MP: 6/6
   638 | D:1      | Reached XP level 2. HP: 15/15 MP: 6/8
   663 | D:1      | Reached skill level 5 in Conjurations
  1583 | D:2      | Learned a level 2 spell: Searing Ray
  1816 | D:2      | Reached XP level 3. HP: 19/19 MP: 4/9
  2072 | D:2      | Found a faded altar of an unknown god.
  2171 | D:2      | Found a sacrificial altar of Ru.
  2174 | D:2      | Reached XP level 4. HP: 20/24 MP: 5/10
  2175 | D:2      | Found a shimmering altar of Xom.
  2455 | D:3      | Noticed Sigmund
  2705 | D:3      | Reached skill level 6 in Conjurations
  2714 | D:3      | Learned a level 4 spell: Iskenderun's Mystic Blast
  2817 | D:3      | Killed from afar by an orc wizard

Vault maps used:
D:1:      dpeg_arrival_connections
D:2:      gammafunk_temple_overflow_statue, first_bread, ecumenical_altar_1
D:3:      lightli_sewer_entry_pipes, uniq_sigmund

Skill      XL: |  1  2  3  4 |
---------------+-------------+-----
Conjurations   | 5 6 |  6.2
Maces & Flails | |  0.4
Dodging        | |  2.9
Stealth        | |  2.4
Spellcasting   | |  3.6

Action                   |  1- 3 |  4- 6 || total
-------------------------+-------+-------++-------
Melee: Mace              |    19 |     7 ||    26
Throw: Stone             |     8 |       ||     8
 Cast: Magic Dart        |    52 |    27 ||    79
       Searing Ray       |     1 |     2 ||     3
       Iskenderun's Myst |       |     1 ||     1
  Use: Scroll            |       |     2 ||     2
  Eat: Chunk             |     4 |     1 ||     5
Armor: Robe              |    17 |     2 ||    19
Dodge: Dodged            |    30 |    10 ||    40
Block: Other             |       |     1 ||     1
